 Dungeon Crawl Stone Soup version 0.19-a0-1268-g6c5d9f8 (webtiles) character file.

4477 Amnesiac the Black Sun (level 10, -4/63 HPs)
             Began as a Mummy Necromancer on Aug 29, 2016.
             Was a High Priest of Kikubaaqudgha.
             Slain by a troll (10 damage)
             ... on level 9 of the Dungeon.
             The game lasted 00:27:04 (11223 turns).

Amnesiac the Black Sun (Mummy Necromancer)         Turns: 11223, Time: 00:27:05

Health: -4/63      AC: 11    Str: 12    XL:     10   Next: 15%
Magic:  2/24       EV: 14    Int: 14    God:    Kikubaaqudgha [*****.]
Gold:   369        SH:  0    Dex: 16    Spells: 8 memorised, 2 levels left

rFire  . . .     SeeInvis .     v - +1 mace (protect)
rCold  + . .     Gourm    .     A - +2 robe {MR+}
rNeg   + + +     Faith    .     (no shield)
rPois  ∞         Spirit   .     r - +0 helmet
rElec  .         Dismiss  .     n - +0 cloak (curse)
rCorr  .         Reflect  .     (no gloves)
MR     ++...     Harm     .     a - -1 pair of boots
Stlth  ++........               (no amulet)
                                p - ring of protection from fire
                                c - ring of wizardry

@: no status effects
A: no food or potions, fire vulnerability, cold resistance 1, negative energy
resistance 3, torment resistance, unbreathing
a: Receive Corpses, Torment, Renounce Religion


You were on level 9 of the Dungeon.
You worshipped Kikubaaqudgha.
Kikubaaqudgha was extremely pleased with you.
You were not hungry.

You visited 2 branches of the dungeon, and saw 11 of its levels.
You also visited: Ossuary.

You collected 369 gold pieces.

Inventory:

Hand Weapons
 s - a +5 quarterstaff of chaos
 t - a +2 short sword of venom
 v - a +1 mace of protection (weapon)
Armour
 a - a -1 pair of boots (worn)
 m - a +3 leather armour of magic resistance
 n - a cursed +0 cloak (worn)
 r - a +0 helmet (worn)
 A - a +2 robe of magic resistance (worn)
 D - a +0 mottled dragon armour
Jewellery
 c - a ring of wizardry (left hand)
 p - a ring of protection from fire (right hand)
 x - an uncursed ring of flight
 y - a +2 ring of intelligence
Wands
 i - a wand of confusion (36/48)
 w - a wand of flame (17/48)
 z - a wand of paralysis (16/24)
Scrolls
 d - 7 scrolls of identify
 e - 3 scrolls of enchant weapon
 f - a scroll of recharging
 h - 2 scrolls of enchant armour
 k - 5 scrolls of remove curse
 u - a scroll of blinking
Books
 b - a book of Necromancy

   Spells                             Type                      Level
   a - Pain                           Necromancy                   1
   b - Animate Skeleton               Necromancy                   1
   c - Vampiric Draining              Necromancy                   3
   d - Regeneration                   Charms/Necromancy            3
   e - Animate Dead                   Necromancy                   4
   f - Control Undead                 Necromancy                   4
 g - a Fen Folio

   Spells                             Type                      Level
   a - Corpse Rot                     Necromancy                   2
   b - Stone Arrow                    Conjuration/Earth            3
   c - Leda's Liquefaction            Hexes/Earth                  4
   d - Summon Forest                  Summoning/Translocation      5
   e - Hydra Form                     Transmutation                6
   f - Summon Hydra                   Summoning                    7
 j - a Young Poisoner's Handbook

   Spells                             Type                      Level
   a - Sting                          Conjuration/Poison           1
   b - Mephitic Cloud                 Conjuration/Poison/Air       3
   c - Olgreb's Toxic Radiance        Poison                       4
   d - Alistair's Intoxication        Transmutation/Poison         5
   e - Venom Bolt                     Conjuration/Poison           5
 o - Kikubaaqudgha's Collected Works on Dark Rituals
   (Kikubaaqudgha gifted it to you on level 1 of the Dungeon)

   Spells                             Type                      Level
   a - Animate Skeleton               Necromancy                   1
   b - Pain                           Necromancy                   1
   c - Corpse Rot                     Necromancy                   2
   d - Vampiric Draining              Necromancy                   3
   e - Control Undead                 Necromancy                   4
 q - Kikubaaqudgha's Catalogue of Evil Rites
   (Kikubaaqudgha gifted it to you on level 5 of the Dungeon)

   Spells                             Type                      Level
   a - Excruciating Wounds            Charms/Necromancy            5
   b - Cigotuvi's Embrace             Necromancy                   5
   c - Dispel Undead                  Necromancy                   5
   d - Simulacrum                     Ice/Necromancy               6
   e - Death Channel                  Necromancy                   6
 C - a book of Debilitation

   Spells                             Type                      Level
   a - Corona                         Hexes                        1
   b - Slow                           Hexes                        2
   c - Gell's Gravitas                Hexes/Translocation          3
   d - Inner Flame                    Hexes/Fire                   3
   e - Cause Fear                     Hexes                        4
   f - Leda's Liquefaction            Hexes/Earth                  4


   Skills:
 + Level 4.3 Dodging
 - Level 1.5 Stealth
 - Level 10.0 Spellcasting
 - Level 10.0 Necromancy


You had 2 spell levels left.
You knew the following spells:

 Your Spells              Type           Power        Failure   Level  Hunger
a - Control Undead        Necr           #####.....   1%          4    N/A
b - Animate Dead          Necr           N/A          1%          4    N/A
c - Excruciating Wounds   Chrm/Necr      ###.......   16%         5    N/A
d - Corpse Rot            Necr           N/A          1%          2    N/A
e - Mephitic Cloud        Conj/Pois/Air  #.......     12%         3    N/A
f - Vampiric Draining     Necr           #####.....   1%          3    N/A
w - Dispel Undead         Necr           #####...     2%          5    N/A
z - Pain                  Necr           ####         1%          1    N/A

Dungeon Overview and Level Annotations

Branches:
Dungeon (10/15)            Temple (1/1) D:4             Orc (0/2) D:10
   Lair: D:8-11

Altars:
Fedhas
Gozag
Hepliaklqana
Kikubaaqudgha
Okawaru
Trog
Uskayaw
Vehumet
Xom
The Shining One

Shops:
D:4 ?

Annotations:
D:8 Erica


Innate Abilities, Weirdness & Mutations

You do not eat or drink.
Your flesh is vulnerable to fire.
You are immune to poison.
Your flesh is cold resistant. (rC+)
You are immune to negative energy. (rN+++)
You are immune to unholy pain and torment.
You can survive without breathing.


Message History

Aiming: Vampiric Draining
Press: ? - help, Shift-Dir - straight line, f/p - troll
Aim: a troll (severely wounded)
The troll is almost dead.
You feel life coursing into your body. The troll bites you.
The troll closely misses you. The troll claws you.
* * * LOW HITPOINT WARNING * * *
Casting: Vampiric Draining
Confirm with . or Enter, or press ? or * to list all spells.
You don't have enough magic to cast that spell.
Unknown command.
You closely miss the troll.
The troll is almost dead.
The troll bites you!
* * * LOW HITPOINT WARNING * * *
The troll misses you. The troll claws you.
* * * LOW HITPOINT WARNING * * *
The troll bites you!
You die...
Kikubaaqudgha rasps: "You have failed me!
Welcome... oblivion!"

##########
#....[...#####
#.#####......#
#.# #..###.#
#T# #.T# #@#
###..# ###
#....# #.[..#
##.).# ##.).#
#....# ##...#
#...# .......


You could see a troll.

Vanquished Creatures
  Pikel (D:9)
  The ghost of Amnesiac the Chucker, an amateur OgAM of Fedhas (D:4)
  The ghost of Amnesiac the Chucker, an amateur OgAM (D:3)
  A yak (D:10)
  A hungry ghost (D:8)
  Menkaure (D:7)
  A mottled dragon (D:7)
  A water moccasin (D:7)
  2 slaves (D:9)
  An orc warrior (D:10)
  2 sky beasts (D:6)
  5 ogres
  3 giant frogs
  11 killer bees
  3 scorpions
  2 wights (D:7)
  5 crimson imps
  A giant frog zombie (D:8)
  2 centaur zombies
  2 quasits
  3 orc priests
  5 hounds
  A jelly (D:5)
  6 orc wizards
  Jessica (D:2)
  Ijyb (D:2)
  2 iguanas
  Natasha (thrice) (D:2)
  4 worker ants
  5 big kobold zombies (Ossuary)
  A hound zombie (D:7)
  A hound skeleton (D:4)
  2 mummies
  A worker ant zombie (D:6)
  Robin (D:2)
  7 gnolls
  A howler monkey skeleton (D:4)
  18 adders
  3 river rats (D:10)
  2 shadow imps (D:7)
  An adder skeleton (D:5)
  2 worms
  A dart slug (D:3)
  6 giant geckos
  29 orcs
  6 spectral bats (Ossuary)
  15 bats
  11 giant cockroaches
  19 goblins
  24 hobgoblins
  10 jackals
  6 quokkas
  2 bat simulacra (Ossuary)
  5 giant newts
  7 gnoll zombies (Ossuary)
  2 goblin simulacra (Ossuary)
  2 goblin skeletons (D:8)
  6 goblin zombies (Ossuary)
  8 hobgoblin zombies
  17 kobolds
  2 kobold simulacra (Ossuary)
  5 kobold zombies
  An orc skeleton (D:8)
  6 orc zombies
  A quokka skeleton (D:7)
  20 rats
  A spectral kobold (Ossuary)
  2 spectral rats (Ossuary)
  2 plants
334 creatures vanquished.

Vanquished Creatures (collateral kills)
  An orc warrior (D:7)
  A wight (D:7)
  Crazy Yiuf (D:3)
  3 orcs (D:7)
  A bat simulacrum (Ossuary)
7 creatures vanquished.

Vanquished Creatures (others)
  A slave (D:9)
  A kobold zombie (Ossuary)
  A spectral goblin (Ossuary)
  2 fungi (D:10)
  6 plants (D:10)
11 creatures vanquished.

Grand Total: 352 creatures vanquished

Notes
Turn   | Place    | Note
-------+----------+-------------------------------------------
     0 | D:1      | Amnesiac the Mummy Necromancer began the quest for the Orb.
     0 | D:1      | Reached XP level 1. HP: 13/13 MP: 3/3
   234 | D:2      | Noticed Ijyb
   325 | D:3      | Reached XP level 2. HP: 19/19 MP: 0/5
   457 | D:3      | Found a runed door.
   575 | D:3      | Reached XP level 3. HP: 20/24 MP: 1/6
   581 | D:3      | Learned a level 3 spell: Vampiric Draining
   829 | D:3      | Noticed Amnesiac's ghost (amateur OgAM)
  1121 | D:4      | Reached skill level 5 in Necromancy
  1200 | D:4      | Learned a level 2 spell: Corpse Rot
  1262 | D:4      | Reached XP level 4. HP: 17/30 MP: 1/8
  1420 | D:4      | Noticed Amnesiac's ghost (amateur OgAM)
  1424 | D:4      | Got a steaming ring mail
  1442 | D:4      | Identified the +2 ring mail of Death's Door {*Corrode MR+ Dex+2} (You found it on level 4 of the Dungeon)
  1658 | D:4      | Found Uwo Qai's Magic Scroll Shoppe.
  1710 | D:3      | Reached XP level 5. HP: 5/35 MP: 0/10
  1733 | D:2      | Noticed Natasha
  1733 | D:2      | Noticed Jessica
  2505 | D:4      | Learned a level 4 spell: Control Undead
  2708 | D:4      | Your ally Amnesiac died
  2810 | D:4      | Found a staircase to the Ecumenical Temple.
  2819 | Temple   | Entered the Ecumenical Temple
  2835 | Temple   | Became a worshipper of Kikubaaqudgha
  2890 | D:4      | Reached XP level 6. HP: 38/41 MP: 4/11
  3058 | D:2      | Killed Ijyb
  3335 | D:2      | Killed Jessica
  3508 | D:2      | Killed Natasha
  3760 | D:1      | Reached * piety under Kikubaaqudgha
  3760 | D:1      | Identified Kikubaaqudgha's Collected Works on Dark Rituals (Kikubaaqudgha gifted it to you on level 1 of the Dungeon)
  3760 | D:1      | Received a gift from Kikubaaqudgha
  4363 | D:2      | Noticed Robin
  4365 | D:2      | Noticed Natasha
  4413 | D:2      | Killed Robin
  4484 | D:2      | Killed Natasha
  4579 | D:2      | Found an iron altar of Okawaru.
  4667 | D:2      | Reached XP level 7. HP: 46/46 MP: 8/14
  4713 | D:2      | Noticed Natasha
  4718 | D:2      | Killed Natasha
  5401 | D:3      | Noticed Crazy Yiuf
  5414 | D:3      | Killed Crazy Yiuf
  5414 | D:3      | Reached skill level 5 in Spellcasting
  5435 | D:3      | Killed Amnesiac's ghost
  6015 | D:5      | Entered Level 5 of the Dungeon
  6044 | D:5      | Reached ** piety under Kikubaaqudgha
  6734 | D:4      | Found an iron altar of Okawaru.
  6735 | D:4      | Found a bloodstained altar of Trog.
  6873 | D:4      | Reached XP level 8. HP: 41/52 MP: 9/18
  7123 | D:5      | Reached *** piety under Kikubaaqudgha
  7123 | D:5      | Identified Kikubaaqudgha's Catalogue of Evil Rites (Kikubaaqudgha gifted it to you on level 5 of the Dungeon)
  7123 | D:5      | Received a gift from Kikubaaqudgha
  7133 | D:5      | Learned a level 4 spell: Animate Dead
  7139 | D:5      | Learned a level 5 spell: Dispel Undead
  7403 | D:5      | Found a hazy altar of Hepliaklqana.
  8049 | D:6      | Found a blossoming altar of Fedhas.
  8344 | D:7      | Reached **** piety under Kikubaaqudgha
  8344 | D:7      | Reached XP level 9. HP: 47/57 MP: 9/21
  8478 | D:7      | Found a sand-covered staircase.
  8522 | Ossuary  | Entered an ossuary
  8721 | Ossuary  | Reached ***** piety under Kikubaaqudgha
  9208 | D:7      | Found a radiant altar of Vehumet.
  9248 | D:7      | Reached skill level 10 in Necromancy
  9259 | D:7      | Learned a level 3 spell: Mephitic Cloud
  9371 | D:7      | Found a hide-covered altar of Uskayaw.
  9779 | D:7      | Noticed Menkaure
  9791 | D:7      | Killed Menkaure
 10021 | D:8      | Found a glowing golden altar of the Shining One.
 10248 | D:8      | Reached skill level 10 in Spellcasting
 10568 | D:8      | Noticed Erica
 10569 | D:8      | Found a hide-covered altar of Uskayaw.
 10580 | D:8      | Learned a level 5 spell: Excruciating Wounds
 10709 | D:8      | You fall through a shaft for 2 floors!
 10709 | D:10     | Entered Level 10 of the Dungeon
 10767 | D:10     | Reached XP level 10. HP: 49/63 MP: 5/24
 10838 | D:10     | Found a staircase to the Orcish Mines.
 10969 | D:9      | Noticed Pikel
 10999 | D:9      | Killed Pikel
 11223 | D:9      | Slain by a troll

Vault maps used:
D:1:      scummos_arrival_simple_fountains, st_stairs_8,
          minmay_misc_feat_pillars, lexackson_kobold_supper
D:2:      okawaru_metal_pillars_1_2, uniq_iyjb, uniq_jessica, uniq_natasha,
          uniq_robin
D:3:      first_bread, serial_forest, infiniplex_forest_straight_1,
          infiniplex_forest_corner_1, infiniplex_forest_corner_1,
          infiniplex_forest_lined_2, infiniplex_forest_join,
          infiniplex_forest_clump_small, infiniplex_forest_lined_1,
          infiniplex_forest_straight_4, infiniplex_forest_lined_2,
          infiniplex_forest_split, uniq_crazy_yiuf_cottage
D:4:      minmay_opposing_rooms, grunt_temple_overflow_bloody_war, serial_shops,
          shop, minmay_mini_ossuary
D:5:      corexii_shantytown, kennysheep_mini
D:6:      serial_bayou_pond_d, serial_park_tiny_1, kennysheep_diamond,
          fedhas_altar_4
D:7:      kennysheep_mini_moat, eat_drink_and_be_merry_uskayaw,
          nicolae_ossuary_entry_false_entrances, uniq_menkaure
D:8:      nicolae_tso_besieged_by_evil, lemuel_round_altar, basic_altar,
          uniq_maurice, uniq_erica
D:9:      hangedman_ranch, uniq_pikel
D:10:     grunt_lair_entry_orc_guard_hut, david_orc_2
Temple:   jpeg_temple_clearing
Ossuary:  ossuary_zaba_two_paths

Skill      XL: |  1  2  3  4  5  6  7  8  9 10 |
---------------+-------------------------------+-----
Necromancy     | 5 6 7 9 10 | 10.0
Spellcasting   | 3 4 7 8 10 | 10.0
Dodging        | 3 4 |  4.3
Stealth        | |  1.5

Action                   |  1- 3 |  4- 6 |  7- 9 | 10-12 || total
-------------------------+-------+-------+-------+-------++-------
Melee: Unarmed           |     9 |   155 |    31 |       ||   195
       Quarterstaff      |       |       |   151 |       ||   151
       Mace              |       |       |   435 |    53 ||   488
 Cast: Pain              |    50 |   180 |   216 |       ||   446
       Vampiric Draining |       |     2 |    31 |    12 ||    45
       Control Undead    |       |     2 |     5 |       ||     7
       Dispel Undead     |       |       |     2 |       ||     2
       Corpse Rot        |       |       |     2 |     4 ||     6
       Mephitic Cloud    |       |       |     2 |     1 ||     3
       Excruciating Woun |       |       |     1 |     3 ||     4
       Animate Dead      |       |       |       |     1 ||     1
Evoke: Wand              |       |     2 |       |       ||     2
  Use: Scroll            |       |     1 |    12 |     1 ||    14
 Stab: Sleeping          |       |     2 |     9 |       ||    11
       Paralysed         |       |       |     1 |       ||     1
       Distracted        |       |       |     2 |       ||     2
Armor: Robe              |     5 |     7 |       |     4 ||    16
       Leather armour    |       |    23 |   288 |       ||   311
       Mottled dragon ar |       |       |   133 |    13 ||   146
Dodge: Dodged            |    16 |   115 |   542 |    58 ||   731
